 Dungeon Crawl Stone Soup version 0.15.2 (webtiles) character file.

9569 magipi the Infuser (level 11, -8/72 HPs)
             Began as a High Elf Conjurer on June 8, 2016.
             Was an Elder of Vehumet.
             Killed from afar by a fire dragon (46 damage)
             ... with a blast of flame
             ... on Level 1 of the Lair of Beasts.
             The game lasted 01:24:48 (13248 turns).

magipi the Infuser (High Elf Conjurer)             Turns: 13248, Time: 01:24:49

HP  -8/72        AC  8     Str  7      XL: 11   Next: 24%
MP   0/25        EV 19     Int 23      God: Vehumet [****..]
Gold 250         SH  0     Dex 16      Spells:  3 memorised, 10 levels left

rFire  . . .     SeeInvis +     a - +1 demon blade (venom)
rCold  . . .     Clarity  .     y - +2 leather armour {MR+}
rNeg   + . .     rCorr    .     (no shield)
rPois  .         rRot     .     T - +0 hat {Spirit}
rElec  .         Spirit   +     K - +0 cloak
SustAb .         Warding  +     r - +1 pair of gloves
rMut   .         Stasis   .     (no boots)
Gourm  .                        h - amulet of warding
MR     ++...                    i - ring of see invisible
                                B - +3 ring of evasion

@: very resistant to hostile enchantments, unstealthy
A: no striking features
a: Renounce Religion


You were on level 1 of the Lair of Beasts.
You worshipped Vehumet.
Vehumet was greatly pleased with you.
You were not hungry.

You visited 3 branches of the dungeon, and saw 13 of its levels.

You collected 536 gold pieces.
You spent 286 gold pieces at shops.

Inventory:

Hand weapons
 a - a +1 demon blade of venom (weapon)
 b - a +0 blowgun
 V - the +0 dagger "Gowenumn" {flame, rC+}
   (You found it on level 9 of the Dungeon)

   It emits flame when wielded, causing extra injury to most foes and up to
   double damage against particularly susceptible opponents.
   It protects you from cold.
Missiles
 n - 61 poisoned needles
 q - 5 javelins (quivered)
 S - 5 tomahawks of dispersal
Armour
 r - a +1 pair of gloves (worn)
 y - a +2 leather armour of magic resistance (worn)
 K - a +0 cloak (worn)
 P - a +0 steam dragon armour
 T - a +0 hat of spirit shield (worn)
Magical devices
 o - a wand of frost (11)
 s - a wand of fire (10)
 u - a wand of flame (14)
 w - a wand of fire (6)
 G - a wand of magic darts (14)
 H - a wand of flame (8)
 Q - a wand of disintegration (12)
Comestibles
 g - 6 meat rations
 C - 5 bread rations
 L - 8 fruits
Scrolls
 e - 3 scrolls of recharging
 p - 2 scrolls of remove curse
 E - a scroll of vulnerability
 F - a scroll of fog
 I - a scroll of fear
Jewellery
 h - an amulet of warding (around neck)
 i - a ring of see invisible (right hand)
 B - a +3 ring of evasion (left hand)
 J - a cursed ring of wizardry
Potions
 d - a potion of agility
 f - 3 potions of resistance
 j - 2 potions of haste
 l - a potion of might
 v - a potion of lignification
 z - a potion of cure mutation {unknown}
 A - 4 potions of heal wounds
 D - 3 potions of curing
 M - a potion of porridge
 R - a potion of flight {unknown}
Books
 c - a book of Conjurations

   Spells                             Type                      Level
   *Magic Dart                        Conjuration                  1
   *Searing Ray                       Conjuration                  2
   Dazzling Spray                     Conjuration/Hexes            3
   Fulminant Prism                    Conjuration/Hexes            4
   Iskenderun's Mystic Blast          Conjuration                  4
   *Iskenderun's Battlesphere         Conjuration/Charms           5
Rods
 k - a cursed +2 rod of shadows (11/11)
   (You found it on level 8 of the Dungeon)


   Skills:
 - Level 6.0 Fighting
 + Level 9.4 Long Blades
 + Level 9.0 Dodging
 - Level 2.1 Stealth
 - Level 4.1 Spellcasting
 - Level 10.0 Conjurations
 - Level 10.2 Charms


You had 10 spell levels left.
You knew the following spells:

 Your Spells              Type           Power        Failure   Level  Hunger
a - Magic Dart            Conj           ####         1%          1    None
b - Searing Ray           Conj           ######       1%          2    None
c - Iskenderun's Battles  Conj/Chrm      ######..     1%          5    #####..


Dungeon Overview and Level Annotations

Branches:
Dungeon (11/15)            Temple (1/1) D:5            Lair (1/8) D:11
    Orc: D:9-12

Altars:
Ashenzari
Cheibriados
Dithmenos
Elyvilon
Fedhas
Kikubaaqudgha
Makhleb
Nemelex Xobeh
Okawaru
Qazlal
Sif Muna
Trog
Vehumet
Xom
Yredelemnul
Zin
The Shining One
Beogh

Shops:
D:6 *   D:7 =   D:10 !

Annotations:
D:5 magipi's ghost, average HECj
D:11 exclusion: cyclops

Vault maps used:
D:1:      onia_arrival_zoo_common
D:2:      overflow_temple_1_default, serial_curves, eino_curves_02,
          eino_curves_04
D:3:      minmay_door_path, kennysheep_orc_chapel, uniq_grinder
D:4:      cheibriados_altar_1, elyvilon_altar_4, first_bread
D:5:      temple_hall, basic_altar
D:6:      serial_shops, shop
D:7:      cheibrodos_ashenzari_chains, vehumet_altar_wand_db, serial_shops,
          shop_statue
D:8:      lemuel_doored_altar, hangedman_pestilent_swarm, eino_tiny_chamber
D:9:      kennysheep_orc_sif_temple, nemelex_xobeh_ov_fountains_minmay,
          led_sif_pool, kennysheep_little_box, nicolae_overflow_hidden_temple,
          uniq_joseph, uniq_gastronok
D:10:     serial_shops, shop
D:11:     lair_0_dummy
Temple:   temple_of_Zot_orb
Lair:1:   dragon1_lemuel


Message History

The helpless giant frog fails to defend itself.
You slice the giant frog!!
You kill the giant frog!
Vehumet accepts your kill.
Found 6 gold pieces.
You now have 250 gold pieces (gained 6).
A spiny frog comes into view.
The spiny frog stings you!
Casting: Searing Ray
Confirm with . or Enter, or press ? or * to list all spells.
You conjure a globe of magical energy.
You are feeling hungry.
The spiny frog stings you!
You are poisoned.
The spiny frog poisons you!
Casting: Iskenderun's Battlesphere
Confirm with . or Enter, or press ? or * to list all spells.
Aiming: Searing Ray
Press: ? - help, Shift-Dir - straight line, f - spiny frog
Aim: a spiny frog The searing ray hits the spiny frog.
You feel sick.
Your battlesphere fires!
The barrage of energy hits the spiny frog.
The spiny frog barely misses you.
Unknown command.
The searing ray misses the spiny frog.
You feel sick.
Your battlesphere fires!
The barrage of energy hits the spiny frog.
The spiny frog is lightly wounded.
The spiny frog stings you! The spiny frog stings you!!
The searing ray hits the spiny frog.
The spiny frog is moderately wounded.
You feel sick.
Your battlesphere fires!
The barrage of energy hits the spiny frog.
The spiny frog is heavily wounded.
The spiny frog closely misses you.
The searing ray hits the spiny frog.
The spiny frog is almost dead.
You feel sick.
Your battlesphere fires!
The barrage of energy hits the spiny frog.
You kill the spiny frog!
Vehumet accepts your kill.
You feel your power returning.
Your Dodging skill increases to level 9!
You start resting.
You feel sick. x12
You are no longer poisoned.
You start resting.
Your battlesphere wavers and loses cohesion.
You start resting.
Some of the chunks of flesh in your inventory have rotted away.
You start resting.
Magic restored.
You start resting.
All of the chunks of flesh in your inventory have rotted away.
You start resting.
You are feeling very hungry.
Eat which item? (? for menu, Esc to quit)
You continue eating.
You finish eating.
That beef jerky was jerk-a-riffic!
You start resting.
You see here a rotting spiny frog corpse.
HP restored.
A fire dragon comes into view.
Casting: Searing Ray
Confirm with . or Enter, or press ? or * to list all spells.
You conjure a globe of magical energy.
Casting: Iskenderun's Battlesphere
Confirm with . or Enter, or press ? or * to list all spells.
Aiming: Magic Dart
Press: ? - help, Shift-Dir - straight line, f - fire dragon
Aim: a fire dragon (water)
The magic dart hits the fire dragon.
Your battlesphere fires!
The barrage of energy hits the fire dragon.
The fire dragon is lightly wounded.
Unknown command.
Casting: Magic Dart
Confirm with . or Enter, or press ? or * to list all spells.
Aiming: Searing Ray
Press: ? - help, Shift-Dir - straight line, f/p - fire dragon
Aim: a fire dragon (water, lightly wounded)
The searing ray hits the fire dragon.
The fire dragon is lightly wounded.
Your battlesphere fires!
The barrage of energy hits the fire dragon.
The fire dragon is lightly wounded.
The fire dragon breathes flames at you. The blast of flame hits you!
The searing ray hits the fire dragon.
The fire dragon is lightly wounded.
Your battlesphere fires!
The barrage of energy hits the fire dragon.
The fire dragon is lightly wounded.
The fire dragon breathes flames at you. The blast of flame hits you!
Ouch! That really hurt!
You die...

≈≈...#
≈≈≈...#
≈≈≈≈≈$≈#
≈..≈≈≈≈≈#
#.....≈D≈#
#......§≈#
#........#
#.......#
#...*.@##
#......#
##....##
##..##
#..# #.##
#.# ##.#
#..#


You could see a fire dragon.

Table legend:
 A = Kills in this place as a percentage of kills in entire the game.
 B = Kills by you in this place as a percentage of kills by you in the entire game.
 C = Kills by friends in this place as a percentage of kills by friends in the entire game.
 D = Other kills in this place as a percentage of other kills in the entire game.
 E = Experience gained in this place as a percentage of experience gained in the entire game.
 F = Experience gained in this place divided by the number of levels of this place that you have seen.
                   A       B       C       D       E      F
               +-------+-------+-------+-------+-------+----------------------
         Total | 100.0 | 100.0 | 100.0 |  -nan | 100.0 | 1051.5
       Dungeon |  98.7 |  98.7 | 100.0 |  -nan |  92.7 | 1152.1
          Lair |   1.3 |   1.3 |   0.0 |  -nan |   7.3 | 997.0
               +-------+-------+-------+-------+-------+----------------------

Vanquished Creatures
  Gastronok (D:9)
  An ugly thing (D:11)
  Joseph (D:9)
  A gargoyle (D:11)
  2 spiny frogs (Lair:1)
  Grinder (D:3)
  2 trolls
  A hungry ghost (D:7)
  A wyvern (D:10)
  5 yaks
  A steam dragon (D:8)
  A soldier ant (D:8)
  A water moccasin (D:7)
  A phantom (D:6)
  4 ice beasts
  5 sky beasts
  2 orc warriors
  A necrophage (D:10)
  7 ogres
  A centaur (D:11)
  A boring beetle (D:8)
  A crocodile (Lair:1)
  A big kobold (D:9)
  4 giant frogs
  A brain worm (D:8)
  A gnoll sergeant (D:10)
  2 scorpions
  A troll skeleton (D:10)
  11 wights
  A goliath beetle (D:8)
  3 crimson imps (D:6)
  7 hounds
  5 orc priests
  14 orc wizards
  A quasit (D:7)
  7 iguanas
  12 worker ants
  A big kobold zombie (D:6)
  2 mummies
  13 adders
  9 gnolls
  An inept item mimic (D:2)
  2 shadow imps
  A giant mite (D:9)
  A goliath beetle zombie (D:8)
  5 worms
  An adder skeleton (D:6)
  9 giant geckos
  2 oozes
  30 orcs
  2 ball pythons
  15 bats
  A bat skeleton (D:3)
  A bat zombie (D:7)
  8 giant cockroaches
  10 goblins
  16 hobgoblins
  19 kobolds
  3 quokkas
  A giant cockroach zombie (D:5)
  A giant gecko zombie (D:6)
  7 giant newts
  A giant newt skeleton (D:4)
  2 giant spores
  A goblin zombie (D:5)
  A hobgoblin skeleton (D:8)
  14 jackals
  An orc skeleton (D:4)
  17 rats
  A rat skeleton (D:5)
  4 ballistomycetes
316 creatures vanquished.

Vanquished Creatures (collateral kills)
  A hippogriff (D:10)
  A wight (D:10)
2 creatures vanquished.

Vanquished Creatures (others)
  A worker ant (D:10)
  A gnoll (D:10)
2 creatures vanquished.

Grand Total: 320 creatures vanquished

Notes
Turn   | Place    | Note
--------------------------------------------------------------
     0 | D:1      | magipi, the High Elf Conjurer, began the quest for the Orb.
     0 | D:1      | Reached XP level 1. HP: 11/11 MP: 4/4
     6 | D:1      | Noticed a killer bee
     6 | D:1      | Noticed a hog
     6 | D:1      | Noticed a crocodile
     6 | D:1      | Noticed a black bear
     6 | D:1      | Noticed an anaconda
   469 | D:1      | Reached XP level 2. HP: 17/17 MP: 0/6
   860 | D:2      | Found a stormy altar of Qazlal.
   866 | D:2      | Reached skill level 5 in Conjurations
  1159 | D:2      | Reached XP level 3. HP: 21/21 MP: 6/8
  1717 | D:2      | Reached XP level 4. HP: 27/27 MP: 6/12
  1927 | D:3      | Learned a level 2 spell: Searing Ray
  2138 | D:3      | Found a roughly hewn altar of Beogh.
  2148 | D:3      | Reached skill level 6 in Conjurations
  2153 | D:3      | Reached XP level 5. HP: 17/31 MP: 5/15
  2813 | D:3      | Learned a level 5 spell: Iskenderun's Battlesphere
  2860 | D:3      | Reached skill level 1 in Charms
  2867 | D:3      | Noticed Grinder
  3060 | D:4      | Reached XP level 6. HP: 32/36 MP: 7/18
  3077 | D:4      | Found a snail-covered altar of Cheibriados.
  3221 | D:4      | Found a white marble altar of Elyvilon.
  3258 | D:4      | Noticed an ogre
  3268 | D:4      | Killed an ogre
  3716 | D:5      | Entered Level 5 of the Dungeon
  3779 | D:5      | Reached skill level 5 in Charms
  3779 | D:5      | Reached XP level 7. HP: 41/41 MP: 5/20
  3964 | D:5      | Reached skill level 7 in Conjurations
  4433 | D:5      | Found a radiant altar of Vehumet.
  4458 | D:5      | Became a worshipper of Vehumet
  4712 | D:5      | Noticed magipi's ghost (average HECj)
  5021 | D:6      | Reached skill level 8 in Conjurations
  5021 | D:6      | Reached XP level 8. HP: 20/46 MP: 12/21
  5422 | D:6      | Found Zuleeh's General Store.
  5437 | D:6      | Bought an uncursed ring of see invisible for 195 gold pieces
  5437 | D:6      | Bought a potion of confusion for 13 gold pieces
  5818 | D:5      | Acquired Vehumet's first power
  5818 | D:5      | Offered knowledge of Sting by Vehumet.
  6138 | D:6      | Reached skill level 9 in Conjurations
  6653 | D:7      | Reached XP level 9. HP: 47/51 MP: 9/23
  6884 | D:7      | Found a radiant altar of Vehumet.
  6908 | D:7      | Found a shattered altar of Ashenzari.
  7220 | D:7      | Found Cimaiw's Jewellery Emporium.
  7457 | D:8      | Reached skill level 10 in Conjurations
  7504 | D:8      | Offered knowledge of Throw Flame by Vehumet.
  7588 | D:8      | Reached skill level 10 in Charms
  7600 | D:8      | Reached skill level 1 in Fighting
  7860 | D:8      | Reached skill level 1 in Long Blades
  8101 | D:8      | Found a shadowy altar of Dithmenos.
  8755 | D:3      | Killed Grinder
  9022 | D:5      | Found a staircase to the Ecumenical Temple.
  9032 | Temple   | Entered the Ecumenical Temple
  9443 | D:9      | Noticed Gastronok
  9550 | D:9      | Killed Gastronok
  9550 | D:9      | Reached skill level 5 in Fighting
  9550 | D:9      | Reached skill level 5 in Long Blades
  9550 | D:9      | Reached skill level 5 in Dodging
  9550 | D:9      | Reached XP level 10. HP: 45/66 MP: 24/24
  9678 | D:9      | Noticed Joseph
  9967 | D:9      | Killed Joseph
 10090 | D:9      | Found a bloodstained altar of Trog.
 10125 | D:9      | Found a sparkling altar of Nemelex Xobeh.
 10178 | D:9      | Got a dazzling dagger
 10479 | D:9      | Offered knowledge of Static Discharge by Vehumet.
 10769 | D:9      | Found a deep blue altar of Sif Muna.
 10800 | D:9      | Found a deep blue altar of Sif Muna.
 10805 | D:9      | Acquired Vehumet's second power
 11112 | D:10     | Entered Level 10 of the Dungeon
 11176 | D:9      | Offered knowledge of Conjure Flame by Vehumet.
 11690 | D:9      | Found a blossoming altar of Fedhas.
 11724 | D:10     | Found Mneaf's Distillery.
 11733 | D:10     | Bought a potion of heal wounds for 39 gold pieces
 11733 | D:10     | Bought a potion of heal wounds for 39 gold pieces
 11808 | D:10     | Identified the +0 dagger "Gowenumn" {flame, rC+} (You found it on level 9 of the Dungeon)
 11842 | D:10     | Acquired Vehumet's third power
 11963 | D:10     | Reached XP level 11. HP: 63/72 MP: 18/25
 12569 | D:11     | Noticed a hill giant
 12707 | D:11     | Found a staircase to the Lair.
 12797 | Lair:1   | Entered Level 1 of the Lair of Beasts
 13243 | Lair:1   | Noticed a fire dragon
 13248 | Lair:1   | Killed from afar by a fire dragon

Action                   |  1- 3 |  4- 6 |  7- 9 | 10-12 || total
-------------------------+-------+-------+-------+-------++-------
Melee: Dagger            |    19 |    18 |    66 |       ||   103
       Short sword       |       |       |    28 |       ||    28
       Demon blade       |       |       |    14 |    73 ||    87
 Fire: Blowgun           |       |       |    17 |    22 ||    39
 Cast: Magic Dart        |    85 |    59 |   155 |   112 ||   411
       Searing Ray       |       |    24 |    38 |    15 ||    77
       Iskenderun's Batt |       |       |    28 |    31 ||    59
Evoke: Wand              |     1 |     1 |     4 |     2 ||     8
  Use: Scroll            |       |    10 |     5 |    11 ||    26
       Potion            |       |       |       |     1 ||     1
 Stab: Sleeping          |     2 |     1 |     4 |     2 ||     9
  Eat: Chunk             |     2 |     7 |    11 |     9 ||    29
       Beef jerky        |       |       |     2 |     1 ||     3
       Bread ration      |       |       |     1 |       ||     1
       Royal jelly       |       |       |     2 |     4 ||     6
       Meat ration       |       |       |     1 |       ||     1
       Pizza             |       |       |     1 |       ||     1
       Fruit             |       |       |       |     1 ||     1

Action                   |  1- 3 |  4- 6 |  7- 9 | 10-12 || total
-------------------------+-------+-------+-------+-------++-------
Melee: Dagger            |    19 |    18 |    66 |       ||   103
       Short sword       |       |       |    28 |       ||    28
       Demon blade       |       |       |    14 |    73 ||    87
 Fire: Blowgun           |       |       |    17 |    22 ||    39
 Cast: Magic Dart        |    85 |    59 |   155 |   112 ||   411
       Searing Ray       |       |    24 |    38 |    15 ||    77
       Iskenderun's Batt |       |       |    28 |    31 ||    59
Evoke: Wand              |     1 |     1 |     4 |     2 ||     8
  Use: Scroll            |       |    10 |     5 |    11 ||    26
       Potion            |       |       |       |     1 ||     1
 Stab: Sleeping          |     2 |     1 |     4 |     2 ||     9
  Eat: Chunk             |     2 |     7 |    11 |     9 ||    29
       Beef jerky        |       |       |     2 |     1 ||     3
       Bread ration      |       |       |     1 |       ||     1
       Royal jelly       |       |       |     2 |     4 ||     6
       Meat ration       |       |       |     1 |       ||     1
       Pizza             |       |       |     1 |       ||     1
       Fruit             |       |       |       |     1 ||     1

Action                   |  1- 3 |  4- 6 |  7- 9 | 10-12 || total
-------------------------+-------+-------+-------+-------++-------
Melee: Dagger            |    19 |    18 |    66 |       ||   103
       Short sword       |       |       |    28 |       ||    28
       Demon blade       |       |       |    14 |    73 ||    87
 Fire: Blowgun           |       |       |    17 |    22 ||    39
 Cast: Magic Dart        |    85 |    59 |   155 |   112 ||   411
       Searing Ray       |       |    24 |    38 |    15 ||    77
       Iskenderun's Batt |       |       |    28 |    31 ||    59
Evoke: Wand              |     1 |     1 |     4 |     2 ||     8
  Use: Scroll            |       |    10 |     5 |    11 ||    26
       Potion            |       |       |       |     1 ||     1
 Stab: Sleeping          |     2 |     1 |     4 |     2 ||     9
  Eat: Chunk             |     2 |     7 |    11 |     9 ||    29
       Beef jerky        |       |       |     2 |     1 ||     3
       Bread ration      |       |       |     1 |       ||     1
       Royal jelly       |       |       |     2 |     4 ||     6
       Meat ration       |       |       |     1 |       ||     1
       Pizza             |       |       |     1 |       ||     1
       Fruit             |       |       |       |     1 ||     1
